 Dungeon Crawl Stone Soup version 0.31-a0-986-g5e6e4ef867 (webtiles) character file.

Game seed: 14712902026884088518

10320 Vomitron the Carver (level 11, -9/84 (86) HPs)
             Began as a Demonspawn Gladiator on Nov 5, 2023.
             Was a High Priest of Lugonu.
             Mangled by a two-headed ogre
             ... wielding a +0 giant spiked club
              (15 damage)
             ... on level 11 of the Dungeon.
             The game lasted 00:18:40 (9834 turns).

Vomitron the Carver (Demonspawn Gladiator)          Turns: 9834, Time: 00:18:40

HP:   -9/84 (86)    AC: 11    Str: 14    XL:     11   Next: 34%
MP:   18/18         EV: 16    Int: 10    God:    Lugonu [*****.]
Gold: 1511          SH:  0    Dex: 19    Spells: 10/10 levels left

rFire   + . .        D - +4 scimitar
rCold   . . .        (no shield)
rNeg    . . .        M - +0 troll leather armour
rPois   .            (helmet restricted)
rElec   .            F - +0 cloak
rCorr   .            K - +0 pair of gloves
SInv    .            E - +1 pair of boots
Will    .....        (no amulet)
Stlth   +            (no ring)
HPRegen 1.14/turn    (no ring)
MPRegen 0.16/turn

%: no passive effects
@: lightly drained
A: antennae 1, molten scales 3, demonic guardian 1, powered by death 2
a: Renounce Religion, Depart the Abyss, Banish, Corrupt, Enter the Abyss


You were on level 11 of the Dungeon.
You worshipped Lugonu.
Lugonu was extremely pleased with you.
You visited 1 branch of the dungeon, and saw 11 of its levels.
You also visited: Sewer.

You collected 1511 gold pieces.

Inventory:

Hand Weapons
 a - a +1 long sword
 D - a +4 scimitar (weapon)
 L - a +4 great sword
Missiles
 e - a javelin
 j - 4 curare-tipped darts
 u - 22 poisoned darts (quivered)
 z - 2 throwing nets
Armour
 b - a +0 leather armour
 c - a +0 helmet
 l - a +0 ring mail
 E - a +1 pair of boots (worn)
 F - a +0 cloak (worn)
 K - a +0 pair of gloves (worn)
 M - a +0 troll leather armour (worn)
Jewellery
 x - a ring of poison resistance
 G - a ring of flight
Wands
 q - a wand of flame (15)
 t - a wand of quicksilver (3)
 y - a wand of paralysis (9)
 J - a wand of digging (7)
 Q - a wand of mindburst (5)
Scrolls
 g - 3 scrolls of enchant weapon
 m - a scroll of teleportation
 o - 2 scrolls of fog
 s - 2 scrolls of amnesia
 w - 2 scrolls of enchant armour
 A - 2 scrolls of fear
 C - 3 scrolls of noise
 N - 2 scrolls of identify
 O - a scroll of vulnerability
Potions
 d - a potion of invisibility
 f - 7 potions of curing
 h - 2 potions of heal wounds
 i - a potion of lignification
 k - 3 potions of might
 n - 2 potions of resistance
 p - 2 potions of mutation {unknown}
 r - 3 potions of brilliance
 v - 5 potions of enlightenment
 B - a potion of attraction {unknown}
 H - 3 potions of cancellation {unknown}
 I - 2 potions of degeneration {unknown}
 P - a potion of magic {unknown}
 R - 2 potions of haste {unknown}


   Skills:
 + Level 8.3 Fighting
 * Level 10.8 Long Blades
 - Level 1.7 Throwing
 + Level 7.9 Dodging
 + Level 10.5 Invocations


You had 10 spell levels left.
You didn't know any spells.
Your spell library contained the following spells:

 Spells                   Type           Power      Damage    Failure   Level
 Freeze                   Ice            0%         1d3       43%         1
 Magic Dart               Conj           0%         1d3       43%         1
 Searing Ray              Conj           0%         2d4       58%         2
 Frozen Ramparts          Ice            0%         1d1       82%         3
 Hailstorm                Conj/Ice       0%         3d3       82%         3
 Stone Arrow              Conj/Erth      0%         3d7       82%         3
 Animate Armour           Summ/Erth      0%         N/A       99%         4
 Fulminant Prism          Conj/Hex       0%         3d5       99%         4
 Petrify                  Tmut/Erth      0%         N/A       99%         4
 Metabolic Englaciation   Hex/Ice        0%         N/A       100%        5
 Lehudib's Crystal Spear  Conj/Erth      0%         10d2      100%        8


Dungeon Overview and Level Annotations

Branches:
Dungeon (11/15)            Temple (0/1) D:5            Lair (0/5) D:8
  Sewer (visited)
    Orc: D:9-12

Altars:
Ashenzari
Fedhas
Gozag
Kikubaaqudgha
Qazlal
Trog
Uskayaw
Wu Jian
Yredelemnul
Lugonu

Shops:
D:11 :

Annotations:
D:9 2 transporters, lessens's ghost, journeyman GnGl


Innate Abilities, Weirdness & Mutations

You have a pair of small antennae on your head.
You are completely covered in molten scales. (AC +4, rF+)
A weak demonic guardian rushes to your aid.
You regenerate health from kills.


Message History

You hit the two-headed ogre.
The two-headed ogre is heavily wounded.
Your quasit bites the two-headed ogre but does no damage.
Your quasit barely misses the two-headed ogre.
Your quasit claws the two-headed ogre but does no damage.
The two-headed ogre barely misses your quasit.
The two-headed ogre hits your quasit with a +0 giant spiked club!
Your quasit dies!
Your quasit disappears in a puff of smoke!
You barely miss the two-headed ogre.
The two-headed ogre is heavily wounded.
Unknown command.
You slash the two-headed ogre!
The two-headed ogre is severely wounded.
The two-headed ogre hits you with a +0 giant spiked club!
* * * LOW HITPOINT WARNING * * *
The two-headed ogre hits you with a +0 giant spiked club!
* * * LOW HITPOINT WARNING * * *
Unknown command.
You barely miss the two-headed ogre.
The two-headed ogre is severely wounded.
Unknown command.
You barely miss the two-headed ogre.
The two-headed ogre is severely wounded.
The two-headed ogre hits you with a +0 giant spiked club.
* * * LOW HITPOINT WARNING * * *
The two-headed ogre barely misses you.
Unknown command.
You hit the two-headed ogre.
The two-headed ogre is severely wounded.
The two-headed ogre completely misses you.
The two-headed ogre misses you.
Unknown command.
You closely miss the two-headed ogre.
The two-headed ogre is severely wounded.
Unknown command.
You slash the two-headed ogre!
The two-headed ogre is almost dead.
The two-headed ogre hits you with a +0 giant spiked club!
You die...

. ###∩#
###(..
#...
#####+#.#
#....$@.#
#....O..#
#.......#
+.......#
#.......#
#........
#........#
#.......##
###+#####


You could see a two-headed ogre.

Vanquished Creatures
  2 two-headed ogres
  A gargoyle (D:10)
  2 trolls (D:9)
  A polar bear (D:9)
  23 yaks
  2 wraiths
  A steam dragon (D:8)
  5 water moccasins
  4 ice beasts
  5 centaurs
  A phantom (D:5)
  The ghost of porpoise the Vexing, an amateur DsEn (D:3)
  A kobold brigand (Sewer)
  4 bullfrogs
  5 scorpions
  14 wights
  9 killer bees
  4 electric eels
  8 howler monkeys
  A hound (D:6)
  An orc priest (D:8)
  Crazy Yiuf (D:7)
  3 jellies
  Ijyb (D:4)
  7 orc wizards
  A sleepcap (D:7)
  5 iguanas
  2 centaur simulacra (D:9)
  10 adders
  A river rat (Sewer)
  A shadow imp (D:3)
  4 white imps
  A howler monkey simulacrum (D:9)
  2 ufetubi
  2 dart slugs
  30 orcs
  7 ball pythons
  9 endoplasms
  6 giant cockroaches
  8 goblins
  13 hobgoblins
  5 quokkas
  2 bats
  4 frilled lizards
  15 kobolds
  11 rats
246 creatures vanquished.

Vanquished Creatures (collateral kills)
  An electric eel (D:7)
  An adder (D:5)
  An orc (D:7)
3 creatures vanquished.

Grand Total: 249 creatures vanquished

Notes
Turn   | Place    | Note
-------+----------+-------------------------------------------
     0 | D:1      | Vomitron the Demonspawn Gladiator began the quest for the
                  | Orb.
     0 | D:1      | Reached XP level 1. HP: 16/16 MP: 1/1
    23 | D:1      | Found a faded altar of an unknown god.
    45 | D:1      | Prayed at the altar of an unknown god.
    45 | D:1      | Became a worshipper of Lugonu the Unformed
    45 | D:1      | Reached * piety under Lugonu
   161 | D:1      | Gained mutation: You have a pair of small antennae on your
                  | head. [demonic ancestry]
   161 | D:1      | Reached XP level 2. HP: 11/22 MP: 2/2
   440 | D:1      | Reached skill level 1 in Invocations
   894 | D:2      | Reached XP level 3. HP: 26/28 MP: 3/3
   895 | D:2      | Reached ** piety under Lugonu
  1411 | D:3      | Noticed a centaur
  1423 | D:3      | Killed a centaur
  1424 | D:3      | Gained mutation: You regenerate a little health from kills.
                  | [demonic ancestry]
  1424 | D:3      | Reached XP level 4. HP: 29/34 MP: 5/5
  1523 | D:3      | Gained mutation: You are partially covered in molten
                  | scales. (AC +2) [demonic ancestry]
  1523 | D:3      | Reached XP level 5. HP: 40/40 MP: 6/6
  1663 | D:3      | Found a runed translucent gate.
  1664 | D:3      | Found a runed translucent gate.
  1665 | D:3      | Found a runed translucent gate.
  1666 | D:3      | Found an opulent altar of Gozag.
  1667 | D:3      | Noticed porpoise's ghost (amateur DsEn)
  1708 | D:3      | Killed porpoise's ghost
  2094 | D:4      | Noticed Ijyb
  2106 | D:4      | Killed Ijyb
  2107 | D:4      | Gained mutation: A weak demonic guardian rushes to your
                  | aid. [demonic ancestry]
  2107 | D:4      | Reached XP level 6. HP: 47/47 MP: 8/8
  2117 | D:4      | Found a glowing drain.
  2154 | D:4      | Reached *** piety under Lugonu
  2164 | Sewer    | Entered a sewer
  3040 | D:5      | Entered Level 5 of the Dungeon
  3040 | D:5      | Noticed a water moccasin
  3151 | D:5      | Reached skill level 5 in Long Blades
  3216 | D:5      | Reached XP level 7. HP: 51/53 MP: 10/10
  3288 | D:5      | Found a staircase to the Ecumenical Temple.
  3417 | D:5      | HP: 2/54 [poisoned by a water moccasin]
  3863 | D:5      | Reached skill level 5 in Invocations
  3957 | D:5      | Reached **** piety under Lugonu
  4087 | D:5      | Gained mutation: You regenerate health from kills. [demonic
                  | ancestry]
  4087 | D:5      | Reached XP level 8. HP: 52/61 MP: 11/11
  4635 | D:5      | HP: 3/61 [poisoned by a water moccasin]
  4903 | D:6      | Reached skill level 5 in Dodging
  4918 | D:6      | Reached skill level 5 in Fighting
  5740 | D:6      | Found an opulent altar of Gozag.
  5741 | D:6      | Found a bloodstained altar of Trog.
  5742 | D:6      | Found a stormy altar of Qazlal.
  6257 | D:7      | Gained mutation: You are mostly covered in molten scales.
                  | (AC +3) [demonic ancestry]
  6257 | D:7      | Reached XP level 9. HP: 63/68 MP: 14/14
  6428 | D:7      | Found a runed translucent door.
  6429 | D:7      | Noticed Crazy Yiuf
  6572 | D:7      | Killed Crazy Yiuf
  7313 | D:8      | Found an ornate altar of the Wu Jian Council.
  7371 | D:8      | Found a staircase to the Lair.
  7638 | D:8      | Found a blossoming altar of Fedhas.
  7983 | D:9      | Noticed a troll
  8018 | D:9      | Killed a troll
  8177 | D:9      | Gained mutation: You are completely covered in molten
                  | scales. (AC +4, rF+) [demonic ancestry]
  8177 | D:9      | Reached XP level 10. HP: 64/77 MP: 16/16
  8301 | D:9      | Identified a scroll of acquirement
  8301 | D:9      | Acquired 901 gold pieces
  8380 | D:9      | Reached ***** piety under Lugonu
  8535 | D:9      | Reached skill level 10 in Long Blades
  8633 | D:9      | Noticed a tengu warrior
  8633 | D:9      | Noticed a two-headed ogre
  8644 | D:9      | Found a bloodstained altar of Trog.
  8644 | D:9      | Noticed lessens's ghost (journeyman GnGl)
  8645 | D:9      | Noticed a two-headed ogre
  8648 | D:9      | Noticed a moth of wrath
  8651 | D:9      | Found a transporter.
  8655 | D:9      | Found a transporter.
  8842 | D:9      | Noticed a two-headed ogre
  8854 | D:9      | Killed a two-headed ogre
  9034 | D:10     | Entered Level 10 of the Dungeon
  9120 | D:10     | Noticed a gargoyle
  9129 | D:10     | Killed a gargoyle
  9130 | D:10     | Reached XP level 11. HP: 82/86 MP: 18/18
  9220 | D:10     | Found a basalt altar of Yredelemnul.
  9223 | D:10     | Found a hide-covered altar of Uskayaw.
  9226 | D:10     | Found a broken altar of Ashenzari.
  9229 | D:10     | Found an ancient bone altar of Kikubaaqudgha.
  9287 | D:10     | Reached skill level 10 in Invocations
  9355 | D:10     | Noticed a two-headed ogre
  9367 | D:10     | Killed a two-headed ogre
  9816 | D:11     | Noticed a two-headed ogre
  9816 | D:11     | Found Rorilife's Book Boutique.
  9831 | D:11     | HP: 3/84 [two-headed ogre/+0 giant spiked club (4)]
  9834 | D:11     | Mangled by a two-headed ogre

Illustrated notes

Levels and vault maps discovered:
D:1:      roderic_crossed_star, layout_loops_ring, basic_ecumenical_altar
D:2:      layout_rooms
D:3:      layout_rooms, ebering_ghost_gozag
D:4:      layout_basic, gup_sewer_entry_glass, bh_walls_and_bars, uniq_ijyb
D:5:      minmay_chambers_of_threes, layout_loops_corners,
          minmay_temple_entry_mist
D:6:      layout_cave_pools, grunt_temple_overflow_open
D:7:      layout_cave_pods, grunt_ministairs_15, serial_bayou_ford_a,
          kennysheep_crisscross, uniq_crazy_yiuf_cottage
D:8:      layout_basic, nicolae_wu_jian_immortal_techniques, fedhas_altar_3,
          lair_entry_dummy
D:9:      lemuel_ice_spiral_2, layout_basic, gammafunk_ghost_wrathful_warriors,
          serial_ice, serial_ice_e, serial_ice_h, serial_ice_d, serial_ice_i,
          serial_ice_n, serial_ice_c, serial_ice_g, serial_ice_f
D:10:     layout_small_grid, grunt_temple_overflow_cloverleaf
D:11:     layout_roguey, serial_shops, nicolae_book_shop_shelving

Skill      XL: |  1  2  3  4  5  6  7  8  9 10 11 |
---------------+----------------------------------+-----
Long Blades    | 3 4 5 6 7 8 10 | 10.8
Invocations    | 1 2 3 4 5 6 8 9 10 | 10.5
Dodging        | 3 4 5 6 7 |  7.9
Fighting       | 3 4 5 6 7 8 |  8.3
Throwing       | |  1.7

Action                     |  1- 3 |  4- 6 |  7- 9 | 10-12 || total
---------------------------+-------+-------+-------+-------++-------
  Melee: Long sword        |   128 |   200 |   231 |       ||   559
         Punch             |       |     2 |     5 |     2 ||     9
         Scimitar          |       |       |   143 |   311 ||   454
         Great sword       |       |       |       |    17 ||    17
  Throw: Throwing net      |       |     2 |     2 |       ||     4
         Dart              |       |       |     9 |       ||     9
  Evoke: Wand              |       |       |     6 |       ||     6
    Use: Potion            |     1 |     1 |     1 |       ||     3
         Scroll            |       |     6 |     8 |     4 ||    18
   Stab: Distracted        |       |       |     1 |       ||     1
 Armour: Leather armour    |    24 |       |       |       ||    24
         Ring mail         |    61 |   113 |   248 |       ||   422
         Skin              |       |    28 |    21 |       ||    49
         Troll leather arm |       |       |     3 |   197 ||   200
  Dodge: Dodged            |    84 |   106 |   229 |   244 ||   663

Table legend: (Time is in decaauts)
 A = Elapsed time spent in this place.
 B = Non-inter-level travel time spent in this place.
 C = Inter-level travel time spent in this place.
 D = Time resting spent in this place.
 E = Time spent auto-exploring this place.
 F = Levels seen in this place.
 G = Mean time per level.
                   A        B        C        D        E       F      G
               +--------+--------+--------+--------+--------+-----+--------+
         Total |   9929 |   9547 |    382 |   1380 |   5828 |  12 |  827.4 |
       Dungeon |   9638 |   9256 |    382 |   1318 |   5679 |  11 |  876.2 |
         Sewer |    291 |    291 |      0 |     62 |    148 |   1 |  291.0 |
               +--------+--------+--------+--------+--------+-----+--------+

Top non-repeatable levels by time:
     D:5: 2006 daAuts
     D:7: 1136 daAuts
     D:9: 1076 daAuts
     D:8: 882 daAuts
     D:1: 869 daAuts
     D:6: 866 daAuts
     D:4: 836 daAuts
    D:10: 771 daAuts
     D:3: 625 daAuts
     D:2: 550 daAuts
   Sewer: 291 daAuts
    D:11: 15 daAuts
